Map: Prion Terraces

Players

Ailee (Azure) - Winner!

  • Race: Terran Terran
  • League: Master

InSaNe

  • Race: Zerg Zerg
  • League: Platinum

VOD

Have the link to the VOD?

Description

Time

  • Played on: Nov. 15, 2015, 10:12 p.m.
  • Length: 11:50
Show
View Real Time Build Order
Export as new Build Order

Ailee Terran - Winner!

Build Orders: Reaper Expand, MMM Bio 

Get SALT Encoding   

  12  0:01  SCV  
  13  0:13  SCV  
  14  0:20  Supply Depot  
  14  0:25  SCV  
  15  0:42  SCV  
  16  0:43  Barracks  
  16  0:45  Refinery  
  16  0:54  SCV  
  17  1:06  SCV  
  18  1:18  SCV  
  19  1:31  Orbital Command  
  19  1:32  Reaper  
  20  1:43  Command Center  
  20  1:50  Supply Depot  
  20  1:56  Refinery  
  20  1:58  SCV  
  21  2:04  Reaper  
  22  2:11  SCV  
  23  2:23  Factory  
  23  2:24  SCV  
  24  2:36  SCV  
  25  2:44  Barracks Reactor  
  25  2:48  SCV  
  26  2:55  Command Center  
  26  3:00  SCV  
  27  3:07  Orbital Command  
  27  3:18  SCV  
  28  3:26  Starport  
  28  3:29  Hellion x2  
  30  3:43  SCV  
  31  3:50  Hellion x2  
  31  3:55  Engineering Bay  
  23  4:11  Hellion  
  23  4:20  SCV x2  
  25  4:32  SCV  
  26  4:39  Supply Depot  
  26  4:41  Starport Tech Lab  
  25  4:47  SCV  
  25  4:52  Orbital Command  
  26  5:00  Cloaking Field  
  26  5:03  SCV  
  27  5:14  Supply Depot  
  27  5:15  SCV  
  27  5:20  SCV  
  29  5:27  SCV  
  30  5:31  Supply Depot  
  30  5:35  Banshee  
  30  5:36  SCV  
  30  5:39  SCV  
  35  5:47  Hellion  
  35  5:48  SCV  
  38  5:52  SCV, Hellion  
  41  5:57  Supply Depot  
  41  5:58  Barracks Tech Lab  
  41  6:00  SCV  
  38  6:21  Supply Depot, Banshee  
  38  6:22  Marine  
  38  6:23  Stimpack  
  42  6:26  SCV  
  42  6:29  Orbital Command  
  43  6:37  Hellion x2  
  43  6:38  SCV  
  48  6:41  Marine  
  48  6:46  Supply Depot  
  49  6:47  Bunker  
  49  6:50  SCV  
  50  6:57  SCV  
  51  7:02  SCV  
  51  7:04  Marine  
  53  7:09  SCV  
  53  7:14  SCV  
  55  7:18  Factory Reactor  
  55  7:21  SCV, Barracks  
  56  7:24  Barracks, Marine  
  56  7:27  Starport Reactor  
  56  7:28  SCV  
  58  7:33  SCV  
  59  7:40  SCV  
  59  7:42  Marine  
  61  7:45  SCV  
  62  7:52  SCV  
  62  7:57  SCV, Engineering Bay  
  64  7:59  Engineering Bay  
  64  8:02  Marine  
  66  8:07  Command Center  
  66  8:09  Marine  
  66  8:10  Viking  
  66  8:11  Widow Mine  
  70  8:23  Supply Depot  
  70  8:24  Marine x3, Widow Mine  
  75  8:27  Marine  
  75  8:30  Missile Turret  
  75  8:32  Missile Turret  
  75  8:33  Missile Turret  
  70  8:37  Missile Turret  
  70  8:41  SCV  
  71  8:43  Missile Turret  
  71  8:44  Marine x2  
  71  8:45  Marine  
  71  8:47  SCV  
  75  8:51  Medivac  
  76  9:00  SCV  
  76  9:02  Supply Depot, Marine x2  
  79  9:04  Terran Infantry Armor Level 1  
  79  9:06  Terran Infantry Weapons Level 1  
  81  9:10  SCV  
  81  9:13  SCV  
  81  9:17  Factory Reactor  
  81  9:18  Marine x3  
  81  9:22  SCV, Orbital Command  
  85  9:25  Medivac  
  85  9:28  Medivac  
  89  9:36  Armory  
  89  9:37  Refinery  
  89  9:40  Refinery, Orbital Command  
  89  9:41  SCV  
  90  9:47  Marine x4  
  94  10:00  Marine  
  94  10:01  SCV  
  94  10:04  Combat Shields, Marine  
  94  10:05  Marine  
  98  10:07  Missile Turret  
  98  10:08  SCV  
  98  10:09  Missile Turret, Marine x2  
  98  10:11  SCV  
  102  10:18  Marine  
  102  10:24  Marine  
  102  10:25  Widow Mine x2  
  106  10:29  Barracks  
  106  10:30  Barracks  
  106  10:32  Medivac  
  96  10:43  Marine x4  
  96  10:44  Marine  
  93  10:53  Widow Mine  
  93  10:54  Widow Mine  
  97  11:01  Marine x3  
  97  11:02  SCV x3  
  103  11:07  Marine x2  
  105  11:15  Supply Depot  
  105  11:19  Marine  
  99  11:28  Marine x3  
Show
View Real Time Build Order
Export as new Build Order

InSaNe Zerg 

Build Orders: Hatch First, Zergling Baneling 

Get SALT Encoding   

  12  0:01  Drone  
  13  0:08  Drone  
  14  0:17  Overlord  
  14  0:29  Extractor  
  14  0:30  Drone  
  15  0:35  Drone x2  
  17  0:44  Drone  
  18  0:55  Hatchery  
  17  0:59  Drone  
  17  1:03  Extractor  
  17  1:05  Drone  
  18  1:17  Spawning Pool  
  17  1:19  Drone  
  18  1:27  Overlord  
  18  1:39  Drone  
  19  1:48  Drone  
  20  2:04  Queen  
  20  2:05  Metabolic Boost  
  20  2:07  Queen  
  24  2:08  Zergling x4  
  24  2:15  Zergling x2  
  27  2:18  Drone  
  28  2:23  Zergling x2  
  29  2:49  Zergling x8  
  33  2:57  Baneling Nest, Zergling x4  
  34  3:02  Zergling x2  
  34  3:04  Zergling x2  
  36  3:12  Overlord  
  36  3:18  Zergling x2  
  36  3:19  Zergling x2  
  36  3:25  Zergling x2  
  36  3:42  Baneling x3  
  36  3:43  Baneling x3  
  36  3:44  Zergling x12  
  30  4:13  Zergling x6  
  30  4:14  Zergling x6  
  32  4:25  Baneling x4  
  32  4:27  Zergling x4  
  32  4:47  Baneling  
  32  4:49  Drone x2  
  32  4:51  Drone x2  
  36  5:02  Drone x2  
  38  5:08  Drone x3  
  40  5:25  Drone x4  
  40  5:27  Extractor  
  43  5:28  Lair  
  43  5:29  Drone  
  44  5:56  Overlord x2  
  44  6:03  Overlord x2  
  31  6:18  Zergling x2  
  31  6:19  Zergling x20  
  42  6:40  Drone x2  
  42  6:41  Drone  
  42  6:42  Drone x3  
  42  6:44  Spire  
  42  6:46  Extractor  
  45  7:00  Drone x4  
  45  7:03  Extractor  
  45  7:05  Drone x2  
  46  7:12  Drone  
  47  7:16  Drone  
  47  7:17  Drone x2  
  47  7:19  Overlord  
  49  7:51  Overseer  
  46  7:55  Mutalisk x6  
  56  8:01  Spore Crawler  
  54  8:08  Queen x2  
  43  8:22  Mutalisk x2  
  44  8:31  Mutalisk  
  44  8:32  Drone x2  
  47  8:35  Drone  
  48  8:46  Mutalisk  
  48  8:59  Overlord  
  48  9:04  Drone x4  
  52  9:15  Burrow  
  52  9:20  Drone  
  53  9:25  Drone  
  53  9:29  Baneling x2  
  53  9:30  Baneling x3  
  54  9:35  Drone x2  
  56  9:51  Drone x5  
  56  9:52  Drone  
  62  10:07  Mutalisk x2  
  65  10:26  Baneling  
  61  10:32  Mutalisk x3  
  61  10:33  Zergling x2  
  61  10:34  Zergling x6  
  65  10:49  Mutalisk x2  
  63  10:52  Zergling x6  
  63  10:53  Zergling x2  
  71  10:57  Baneling x4  
  71  11:00  Zergling x2  
  72  11:07  Overlord  
Tags
 
Add a new tag
Caveats
  • Supply blocks, unpowered buildings, or Contaminate may cause inaccurate times.
  • Supply counts are checked every 10 seconds.